 Dungeon Crawl Stone Soup version 0.29-a0-222-g5b244fca1f (webtiles) character file.

Game seed: 8860976336627370934

61 enile the Sneak (level 4, -5/31 HPs)
             Began as an Octopode Venom Mage on Feb 28, 2022.
             Slain by Natasha (7 damage)
             ... on level 2 of the Dungeon.
             The game lasted 00:02:25 (2056 turns).

enile the Sneak (Octopode Venom Mage)               Turns: 2056, Time: 00:02:26

Health: -5/31      AC:  1    Str:  7    XL:     4   Next: 7%
Magic:  5/7        EV: 13    Int: 19    God:
Gold:   89         SH:  0    Dex: 12    Spells: 6/7 levels left

rFire   . . .      SeeInvis .   c - +2 hand axe (vamp)
rCold   . . .      Faith    .   (no shield)
rNeg    . . .      Spirit   .   (helmet restricted)
rPois   .          Reflect  .   (no amulet)
rElec   .          Harm     .   b - ring of resist corrosion
rCorr   +          Rampage  .   (no ring)
Will    .....                   (no ring)
Stlth   +++.......              (no ring)
HPRegen 0.10/turn               (no ring)
MPRegen 0.10/turn               (no ring)
                                (no ring)
                                (no ring)

@: brilliant, slowed, very slow
A: almost no armour, amphibious, 8 rings, camouflage 1, gelatinous body 1,
(nimble swimmer 1), tentacles
a: no special abilities


You were on level 2 of the Dungeon.
You visited 1 branch of the dungeon, and saw 2 of its levels.

You collected 89 gold pieces.

Inventory:

Hand Weapons
 c - a +2 vampiric hand axe (weapon)
Jewellery
 b - a ring of resist corrosion (left tentacle)
Potions
 a - 3 potions of curing
 e - 2 potions of attraction {unknown}


   Skills:
 - Level 3.0 Fighting
 - Level 2.0 Dodging
 + Level 3.9 Stealth
 - Level 2.0 Spellcasting
 - Level 1.0 Transmutations
 - Level 3.6 Poison Magic


You had 6 spell levels left.
You knew the following spells:

 Your Spells              Type           Power      Damage    Failure   Level
a - Sting                 Tmut/Pois      64%        1d6       7%          1

Your spell library contained the following spells:

 Spells                   Type           Power      Damage    Failure   Level
 Poisonous Vapours        Pois/Air       26%        N/A       12%         2
 Static Discharge         Conj/Air       2%         N/A       26%         2
 Mephitic Cloud           Conj/Pois/Air  9%         N/A       30%         3
 Olgreb's Toxic Radiance  Pois           23%        N/A       36%         4
 Lightning Bolt           Conj/Air       1%         1d12      99%         5
 Maxwell's Capacitive Co  Air            1%         ∞         100%        8


Dungeon Overview and Level Annotations

Branches:
Dungeon (2/15)

Altars:
Xom

Annotations:
D:2 Jessica, Natasha, Sigmund


Innate Abilities, Weirdness & Mutations

You cannot wear most types of armour.
You are amphibious.
You can wear up to eight rings at the same time.
Your skin changes colour to match your surroundings (Stealth+).
Your rubbery body absorbs attacks. (AC +1, EV +1)
((You are camouflaged when in or above water. (Stealth+)))
You have tentacles for arms and can constrict up to eight enemies at once.


Message History

Aim: Natasha (64% to hit)
The sting hits Natasha.
Natasha is poisoned.
Natasha is lightly wounded.
Natasha misses you.
Casting: Sting (safe; 7% risk of failure)
Confirm with . or Enter, or press ? or * to list all spells.
Aiming: Sting (safe; 7% risk of failure)
Press: ? - help, Shift-Dir - straight line, f/p - Natasha
Aim: Natasha (moderately wounded, poisoned, 64% to hit)
The sting misses Natasha.
Natasha mumbles some strange words.
Casting: Sting (safe; 7% risk of failure)
Confirm with . or Enter, or press ? or * to list all spells.
Aiming: Sting (safe; 7% risk of failure)
Press: ? - help, Shift-Dir - straight line, f/p - Natasha
Aim: Natasha (moderately wounded, poisoned, 64% to hit)
The sting misses Natasha.
Natasha claws you. The shadow imp misses you.
You barely miss Natasha. Your grab misses Natasha.
Natasha is moderately wounded.
You hit the shadow imp but do no damage.
Natasha stares at you and mumbles some strange words.
You feel yourself slow down. The shadow imp gestures at you.
Pain shoots through your body!
Natasha mumbles some strange words.
There is an escape hatch in the ceiling here.
Natasha looks more healthy.
Natasha mumbles some strange words.
You feel troubled. Natasha claws you.
* * * LOW HITPOINT WARNING * * *
The shadow imp closely misses you. The shadow imp hits you.
* * * LOW HITPOINT WARNING * * *
Natasha claws you.
* * * LOW HITPOINT WARNING * * *
There is a stone staircase leading up, spattered with blood here.
It was a potion of brilliance.
You feel clever all of a sudden. The shadow imp barely misses you.
Natasha claws you!
You die...

##...#.### #..#.###...#### ##....
#....#...####.#.###......###..##.
.......#.##.....#.....##..###.#..
....##<#.#.............##..##...#
....##.#................##.##.#.#
....##.#.........<......##.#..#..
....##..................##.##.#.#
....####.......5h5......##..#...#
....# #.....)..@.......#####.#.#
....# #................# #..#..
...... #...............### ##.#.#
...... ##.#.....#........####...#
...hh.###.####..########....#.#..
........#># #...# #####..##.
....8.....####...#### ##....
............÷..#....### ##.##
...........##÷.####...# ###


You could see Natasha and 2 shadow imps.

Vanquished Creatures
  Natasha (D:2)
  2 endoplasms (D:1)
  A goblin (D:1)
  A hobgoblin (D:1)
  8 jackals (D:2)
  3 kobolds (D:2)
  3 quokkas
  5 ball pythons
  2 bats (D:1)
  2 frilled lizards (D:1)
  5 rats (D:1)
33 creatures vanquished.

Notes
Turn   | Place    | Note
-------+----------+-------------------------------------------
     0 | D:1      | enile the Octopode Venom Mage began the quest for the Orb.
     0 | D:1      | Reached XP level 1. HP: 11/11 MP: 3/3
   115 | D:1      | Reached skill level 1 in Fighting
   203 | D:1      | Reached XP level 2. HP: 16/18 MP: 1/5
  1170 | D:2      | Noticed Jessica
  1190 | D:2      | Noticed Sigmund
  1351 | D:2      | Reached XP level 3. HP: 21/25 MP: 4/6
  1476 | D:2      | Found a shimmering altar of Xom.
  1801 | D:2      | Noticed Natasha
  1805 | D:2      | Killed Natasha
  1806 | D:2      | Reached XP level 4. HP: 19/31 MP: 2/7
  2040 | D:2      | Noticed Natasha
  2056 | D:2      | Slain by Natasha

Illustrated notes

Levels and vault maps discovered:
D:1:      dpeg_arrival_chambers_temple_mockup, layout_loops_ring,
          chequers_mini_garden, chequers_decorated_corner,
          kennysheep_pointless_box
D:2:      layout_rooms, basic_altar, kennysheep_decorative_pillar,
          nicolae_concentric_dashed_squares_mild, kennysheep_big_empty_room,
          uniq_natasha, uniq_sigmund, uniq_jessica

Skill      XL: |  1  2  3 |
---------------+----------+-----
Fighting       | 1 2 3 |  3.0
Stealth        | 3 |  3.9
Dodging        | |  2.0
Spellcasting   | |  2.0
Transmutations | |  1.0
Poison Magic   | |  3.6

Action                   |  1- 3 |  4- 6 || total
-------------------------+-------+-------++-------
Melee: Unarmed           |     4 |       ||     4
       Hand axe          |    29 |     1 ||    30
       Tentacles         |     3 |       ||     3
       Constrict         |     5 |       ||     5
 Cast: Sting             |    50 |     3 ||    53
  Use: Scroll            |       |     1 ||     1
       Potion            |       |     1 ||     1
 Stab: Sleeping          |     3 |       ||     3
Armor: Skin              |     8 |       ||     8
Dodge: Dodged            |    27 |     4 ||    31

Table legend: (Time is in decaauts)
 A = Elapsed time spent in this place.
 B = Non-inter-level travel time spent in this place.
 C = Inter-level travel time spent in this place.
 D = Time resting spent in this place.
 E = Time spent auto-exploring this place.
 F = Levels seen in this place.
 G = Mean time per level.
                   A        B        C        D        E       F      G
               +--------+--------+--------+--------+--------+-----+--------+
         Total |   2065 |   2026 |     39 |    126 |   1641 |   2 | 1032.5 |
       Dungeon |   2065 |   2026 |     39 |    126 |   1641 |   2 | 1032.5 |
               +--------+--------+--------+--------+--------+-----+--------+

Top non-repeatable levels by time:
     D:1: 1170 daAuts
     D:2: 894 daAuts
